 Dungeon Crawl Stone Soup version 0.17.1-1-g73c8601 (webtiles) character file.

66 Kurtz the Sneak (level 3, -3/29 HPs)
             Began as a Mummy Monk on Oct 20, 2018.
             Slain by a worker ant (4 damage)
             ... on level 4 of the Dungeon.
             The game lasted 00:01:13 (1735 turns).

Kurtz the Sneak (Mummy Monk)                        Turns: 1735, Time: 00:01:14

Health: -3/29      AC:  0    Str: 14    XL:     3   Next: 96%
Magic:  3/3        EV: 13    Int:  9    God:
Gold:   72         SH:  0    Dex: 15    Spells: 0 memorised, 2 levels left

rFire  x . .     SeeInvis .       - Unarmed
rCold  + + .     Clarity  .     (no armour)
rNeg   + + +     SustAt   .     (no shield)
rPois  ∞         Gourm    .     (no helmet)
rElec  .         Spirit   .     (no cloak)
rCorr  .         Warding  .     (no gloves)
rMut   .         Stasis   .     (no boots)
MR     .....                    (no amulet)
Stlth  +++.......               (no ring)
                                a - ring of protection from cold

@: not resistant to hostile enchantments, fairly stealthy
A: no food or potions, fire vulnerability, cold resistance 1, negative energy
resistance 3, torment resistance, unbreathing
a: no special abilities


You were on level 4 of the Dungeon.
You were not hungry.

You visited 1 branch of the dungeon, and saw 4 of its levels.

You collected 72 gold pieces.

Inventory:

Jewellery
 a - a ring of protection from cold (left hand)
Scrolls
 b - a scroll of enchant armour {unknown}
 c - a scroll of teleportation {unknown}
 d - 2 scrolls of blinking {unknown}
 e - a scroll of immolation {unknown}
 f - a scroll of identify {unknown}
 g - 3 scrolls of recharging {unknown}
 h - a scroll of amnesia {unknown}


   Skills:
 - Level 3.0 Fighting
 - Level 2.4 Dodging
 * Level 3.8 Stealth
 - Level 3.2 Unarmed Combat


You had 2 spell levels left.
You didn't know any spells.

Dungeon Overview and Level Annotations

Branches:
Dungeon (4/15)
 Temple: D:4-7

Altars:
Cheibriados
Fedhas

Shops:
D:4 (


Innate Abilities, Weirdness & Mutations

You do not eat or drink.
Your flesh is vulnerable to fire.
You are immune to poison.
Your flesh is cold resistant.
You are immune to negative energy.
You are immune to unholy pain and torment.
You can survive without breathing.


Message History

You are too injured to fight recklessly!
You are too injured to fight recklessly!
You are too injured to fight recklessly!
You are too injured to fight recklessly!
You are too injured to fight recklessly!
You are too injured to fight recklessly!
You are too injured to fight recklessly!
You are too injured to fight recklessly!
You barely miss the worker ant.
The worker ant is moderately wounded.
The worker ant bites you.
* * * LOW HITPOINT WARNING * * *
You closely miss the worker ant.
The worker ant is moderately wounded.
The worker ant closely misses you.
Unknown command.
You hit the worker ant.
The worker ant is severely wounded.
The worker ant bites you.
You die...

.......#.# ..... .....
.........###..............
#..........#.........
#....................
#.......#.##.......
##...#..#........##.
###..<..#..........
<.....###.........# .....#
###..@a...#
.....................
....#####......#..... ...
#....>....... ###
###..##.###.. #..# .# #
#.## #. ... ..


You could see a worker ant.

Vanquished Creatures
  A worker ant (D:3)
  3 adders (D:3)
  A worm (D:3)
  A bat (D:2)
  A giant cockroach (D:3)
  A hobgoblin (D:3)
  3 jackals (D:2)
  3 kobolds
  A giant newt (D:3)
  4 goblins (D:3)
  2 rats
21 creatures vanquished.

Notes
Turn   | Place    | Note
--------------------------------------------------------------
     0 | D:1      | Kurtz the Mummy Monk began the quest for the Orb.
     0 | D:1      | Reached XP level 1. HP: 18/18 MP: 1/1
   664 | D:2      | Found a faded altar to an unknown god.
   740 | D:2      | Found a snail-covered altar of Cheibriados.
   758 | D:3      | Reached XP level 2. HP: 20/24 MP: 2/2
   845 | D:3      | Found a blossoming altar of Fedhas.
  1060 | D:3      | Noticed a phantom
  1207 | D:4      | Found Vusucel's Antique Weapon Shoppe.
  1207 | D:4      | Noticed a phantom
  1207 | D:4      | Noticed an ogre
  1293 | D:3      | Reached XP level 3. HP: 29/29 MP: 3/3
  1300 | D:3      | Noticed a worker ant
  1308 | D:3      | Killed a worker ant
  1733 | D:4      | HP: 1/29 [worker ant (3)]
  1735 | D:4      | Slain by a worker ant

Action                   || total
-------------------------++-------
Melee: Unarmed           ||    90
 Stab: Sleeping          ||     6
